 Seeded DCSS version 0.28-a0-823-gb444dcf96d (webtiles) character file.

Game seed: 5494768922653061978 (custom seed)

16 croobank the Vexing (level 2, -1/11 HPs)
             Began as a Felid Enchanter on Nov 9, 2021.
             Frozen to death by an endoplasm (2 damage)
             ... on level 1 of the Dungeon.
             The game lasted 00:08:54 (1396 turns).

croobank the Vexing (Felid Enchanter)               Turns: 1396, Time: 00:08:59

Health: -1/11      AC:  1    Str:  4    XL:     2   Next: 41%
Magic:  4/6        EV: 17    Int: 16    God:
Gold:   0          SH:  0    Dex: 16    Spells: 3/5 levels left
                                        Lives:  0   Deaths: 0

rFire   . . .      SeeInvis +     - Unarmed
rCold   . . .      Faith    .   (shield unavailable)
rNeg    . . .      Spirit   .   (armour unavailable)
rPois   .          Reflect  .   (helmet unavailable)
rElec   .          Harm     .   (cloak unavailable)
rCorr   .          Rampage  .   (gloves unavailable)
Will    .....                   (boots unavailable)
Stlth   +++.......              (no amulet)
HPRegen 0.03/turn               (no ring)
MPRegen 0.10/turn               (no ring)

@: quick
A: very small, claws 1, fangs 3, see invisible, speed 1, shaggy fur 1, stealthy
paws, no weapons or thrown items, no armour, multi-lived
a: no special abilities


You were on level 1 of the Dungeon.
You visited 1 branch of the dungeon, and saw 2 of its levels.

Inventory:

Missiles
 e - 33 stones
Scrolls
 b - a scroll of noise {unknown}
 c - a scroll of enchant weapon {unknown}
 d - a scroll of identify {unknown}
Potions
 a - a potion of invisibility


   Skills:
 + Level 2.7 Dodging
 + Level 4.4 Stealth
 + Level 1.5 Unarmed Combat
 + Level 2.1 Spellcasting
 + Level 4.7 Hexes


You had 3 spell levels left.
You knew the following spells:

 Your Spells              Type           Power      Damage    Failure   Level
a - Ensorcelled Hibernat  Hex/Ice        18%        N/A       12%         2

Your spell library contained the following spells:

 Spells                   Type           Power      Damage    Failure   Level
 Confusing Touch          Hex            16%        N/A       9%          3
 Tukima's Dance           Hex            16%        N/A       9%          3
 Dazzling Flash           Conj/Hex       18%        N/A       22%         3


Dungeon Overview and Level Annotations

Branches:
Dungeon (2/15)

Altars:


Innate Abilities, Weirdness & Mutations

You have sharp claws.
You have razor-sharp teeth.
You have supernaturally acute eyesight. (SInv)
You cover ground quickly. (Speed+)
You are covered in fur. (AC +1)
Your paws help you pounce on unaware monsters.
You are incapable of wielding weapons or throwing items.
You cannot wear armour.
You gain extra lives every three experience levels.


Message History

The ball python closely misses you. The ball python barely misses you.
The ball python closely misses you.
There is a stone staircase leading down here.
You closely miss the ball python. The ball python misses you.
The ball python completely misses you.
You scratch the ball python but do no damage.
The ball python bites you. The ball python closely misses you.
You closely miss the ball python. The ball python completely misses you.
The ball python grabs you. The ball python constricts you.
The ball python completely misses you. The ball python constricts you.
You scratch the ball python.
You bite the ball python, but do no damage.
The ball python is heavily wounded.
The ball python bites you but does no damage.
The ball python constricts you.
You closely miss the ball python.
The ball python is heavily wounded.
The ball python closely misses you. The ball python constricts you.
You scratch the ball python.
You kill the ball python!
You start resting.
An endoplasm is nearby!
The endoplasm quivers.
You completely miss the endoplasm. The endoplasm freezes you.
You are frozen.
You scratch the endoplasm but do no damage.
You bite the endoplasm, but do no damage.
The endoplasm freezes you.
You are frozen.
* * * LOW HITPOINT WARNING * * *
Casting: Ensorcelled Hibernation (safe; 12% risk of failure)
Confirm with . or Enter, or press ? or * to list all spells.
Aiming: Ensorcelled Hibernation (safe; 12% risk of failure)
Press: ? - help, Shift-Dir - straight line, f - endoplasm
Aim: an endoplasm (chance to affect: 58%)
The endoplasm resists with significant effort.
The endoplasm freezes you.
You are frozen.
You die...

#.# #.# #..... #.#
#.#########
#.######.........#
#.#............#.#
#.................
#.#.#........#.#.#
#.#.#.#####.## #
#.#.#.###.#.## #.#
#@J..........#.#.#
###.#.###..###.#.#
#.#.# #..# #.#.# #
#.###..# #.#.#
....#.J# #.#.#
#.#.#..###.#.#
#.#...S.##.#'#
#.#####.##....
#.......


You could see an endoplasm.

Vanquished Creatures
  A worm (D:2)
  3 endoplasms
  A hobgoblin (D:1)
  2 ball pythons (D:1)
  2 frilled lizards (D:1)
  2 goblins (D:1)
  A kobold (D:1)
  2 rats (D:1)
14 creatures vanquished.

Notes
Turn   | Place    | Note
-------+----------+-------------------------------------------
     0 | D:1      | croobank the Felid Enchanter began the quest for the Orb.
     0 | D:1      | Reached XP level 1. HP: 7/7 MP: 4/4
   325 | D:1      | Found a faded altar of an unknown god.
   514 | D:1      | Reached XP level 2. HP: 8/11 MP: 6/6
   620 | D:1      | Learned a level 2 spell: Ensorcelled Hibernation
  1396 | D:1      | Frozen to death by an endoplasm

Illustrated notes

Levels and vault maps discovered:
D:1:      kennysheep_arrival_seaside, layout_basic, basic_ecumenical_altar
D:2:      layout_loops_ring, bh_walls_and_bars, uniq_terence, uniq_natasha

Action                   || total
-------------------------++-------
Melee: Unarmed           ||    43
       Bite              ||     7
 Cast: Ensorcelled Hiber ||     5
 Stab: Sleeping          ||     4
Armor: Skin              ||     2
Dodge: Dodged            ||    26

Table legend: (Time is in decaauts)
 A = Elapsed time spent in this place.
 B = Non-inter-level travel time spent in this place.
 C = Inter-level travel time spent in this place.
 D = Time resting spent in this place.
 E = Time spent auto-exploring this place.
 F = Levels seen in this place.
 G = Mean time per level.
                   A        B        C        D        E       F      G
               +--------+--------+--------+--------+--------+-----+--------+
         Total |   1300 |   1300 |      0 |    721 |    370 |   2 |  650.0 |
       Dungeon |   1300 |   1300 |      0 |    721 |    370 |   2 |  650.0 |
               +--------+--------+--------+--------+--------+-----+--------+

Top non-repeatable levels by time:
     D:1: 917 daAuts
     D:2: 382 daAuts
